 Dungeon Crawl Stone Soup version 0.19.5 (webtiles) character file.

972 Ikkuss the Firebug (level 8, -9/63 HPs)
             Began as a Hill Orc Fire Elementalist on July 11, 2017.
             Mangled by JeffiDaFish's ghost (12 damage)
             ... on level 5 of the Dungeon.
             The game lasted 00:19:50 (4670 turns).

Ikkuss the Firebug (Hill Orc Fire Elementalist)     Turns: 4670, Time: 00:19:51

Health: -9/63      AC:  4    Str: 11    XL:     8   Next: 16%
Magic:  8/12       EV: 11    Int: 17    God:
Gold:   177        SH:  0    Dex: 11    Spells: 3 memorised, 4 levels left

rFire  . . .     SeeInvis .     d - +2 spear (venom)
rCold  . . .     Gourm    .     e - +0 leather armour (curse)
rNeg   . . .     Faith    .     (no shield)
rPois  .         Spirit   .     k - +1 hat
rElec  .         Reflect  .     (no cloak)
rCorr  .         Harm     .     (no gloves)
MR     .....                    (no boots)
Stlth  +.........               f - amulet of regeneration
                                (no ring)
                                (no ring)

@: no status effects
A: no striking features
a: no special abilities


You were on level 5 of the Dungeon.
You were hungry.

You visited 1 branch of the dungeon, and saw 5 of its levels.

You collected 177 gold pieces.

Inventory:

Hand Weapons
 d - a +2 spear of venom (weapon)
 x - the +2 dagger "Wuonegargh" {holy, *Corrode +Inv rPois rC+, unknown}
   (You found it on level 5 of the Dungeon)

   It has been blessed by the Shining One to cause great damage to the undead
   and demons.
   It protects you from cold.
   It protects you from poison.
   It lets you turn invisible.
   It may corrode you when you take damage.
Armour
 a - a +0 robe
 e - a cursed +0 leather armour (worn)
 k - a +1 hat (worn)
Jewellery
 f - an amulet of regeneration (around neck)
 w - an uncursed ring of ice {unknown}
Scrolls
 h - a scroll of fear
 l - 4 scrolls of amnesia
 r - a scroll of teleportation {unknown}
 u - a scroll of identify
 v - a scroll of remove curse {unknown}
Potions
 g - a potion of might {unknown}
 n - a potion of cancellation
 o - a potion of degeneration {unknown}
 q - 3 potions of curing {unknown}
 s - 2 potions of invisibility
 t - a potion of brilliance {unknown}
Books
 b - a book of Flames

   Spells                             Type                      Level
   a - Flame Tongue                   Conjuration/Fire             1
   b - Throw Flame                    Conjuration/Fire             2
   c - Conjure Flame                  Conjuration/Fire             3
   d - Inner Flame                    Hexes/Fire                   3
   e - Sticky Flame                   Conjuration/Fire             4
   f - Fireball                       Conjuration/Fire             5
Comestibles
 c - 2 bread rations
 i - 8 chunks of flesh
 j - a slice of pizza
 m - a royal jelly
 p - 2 fruits


   Skills:
 - Level 3.0 Fighting
 + Level 2.9 Polearms
 - Level 1.5 Dodging
 - Level 1.5 Stealth
 - Level 2.8 Spellcasting
 * Level 5.5 Conjurations
 * Level 6.4 Fire Magic


You had 4 spell levels left.
You knew the following spells:

 Your Spells              Type           Power        Failure   Level  Hunger
a - Flame Tongue          Conj/Fire      ###..        1%          1    #......
b - Conjure Flame         Conj/Fire      ###.....     8%          3    ###....
c - Sticky Flame          Conj/Fire      ###.....     21%         4    #####..


Dungeon Overview and Level Annotations

Branches:
Dungeon (5/15)
 Temple: D:4-7

Altars:
Fedhas
Nemelex Xobeh

Annotations:
D:5 JeffiDaFish's ghost, novice GrFi


Message History

JeffiDaFish's ghost barely misses you.
You hit JeffiDaFish's ghost but do no damage.
JeffiDaFish's ghost is moderately damaged.
JeffiDaFish's ghost closely misses you.
You are feeling hungry.
You hit JeffiDaFish's ghost but do no damage.
JeffiDaFish's ghost is moderately damaged.
JeffiDaFish's ghost closely misses you.
You barely miss JeffiDaFish's ghost.
JeffiDaFish's ghost is moderately damaged.
JeffiDaFish's ghost hits you.
* * * LOW HITPOINT WARNING * * *
You hit JeffiDaFish's ghost.
JeffiDaFish's ghost is moderately damaged.
JeffiDaFish's ghost hits you.
* * * LOW HITPOINT WARNING * * *
You hit JeffiDaFish's ghost but do no damage.
JeffiDaFish's ghost is moderately damaged.
JeffiDaFish's ghost hits you!
You die...

## #. ####.
#.... # ###.###
#.##### ##...# #
#..@W.#
#####..### #
#..##.###.....##
# ##.
#..#..##### #
#.##....## #
#.#.....#
#...###.#
#............
..#...#....#...
#...###<...#....
###


You could see JeffiDaFish's ghost.

Vanquished Creatures
  Sigmund (D:2)
  Duvessa (D:4)
  An ogre (D:4)
  Dowan (D:4)
  2 crimson imps
  3 orc wizards
  3 hounds
  Terence (D:1)
  3 iguanas
  A worker ant (D:5)
  Natasha (thrice) (D:3)
  4 gnolls
  6 adders
  2 oozes
  A worm (D:3)
  A dart slug (D:3)
  2 leopard geckos
  5 orcs
  2 ball pythons
  4 bats
  5 giant cockroaches
  7 goblins
  5 hobgoblins
  2 quokkas
  2 frilled lizards
  7 kobolds
  8 rats
83 creatures vanquished.

Notes
Turn   | Place    | Note
-------+----------+-------------------------------------------
     0 | D:1      | Ikkuss the Hill Orc Fire Elementalist began the quest for the Orb.
     0 | D:1      | Reached XP level 1. HP: 14/14 MP: 3/3
   300 | D:1      | Reached XP level 2. HP: 22/22 MP: 1/4
   436 | D:1      | Reached skill level 1 in Fighting
   881 | D:1      | Reached XP level 3. HP: 28/28 MP: 4/6
   949 | D:2      | Noticed Terence
   960 | D:1      | Killed Terence
  1515 | D:2      | Reached XP level 4. HP: 36/36 MP: 5/7
  1525 | D:2      | Learned a level 3 spell: Conjure Flame
  1869 | D:2      | Noticed Sigmund
  1936 | D:2      | Killed Sigmund
  1936 | D:2      | Reached skill level 4 in Fire Magic
  1936 | D:2      | Reached XP level 5. HP: 38/41 MP: 7/9
  1936 | D:2      | Reached XP level 6. HP: 44/48 MP: 7/10
  2027 | D:2      | Learned a level 4 spell: Sticky Flame
  2089 | D:2      | Found a blossoming altar of Fedhas.
  2496 | D:3      | Noticed Natasha
  2782 | D:3      | Killed Natasha
  2782 | D:3      | Reached skill level 1 in Polearms
  2842 | D:3      | Noticed Natasha
  2857 | D:3      | Killed Natasha
  2857 | D:3      | Reached skill level 5 in Fire Magic
  2988 | D:3      | Noticed Natasha
  3029 | D:3      | Killed Natasha
  3061 | D:3      | Found a sparkling altar of Nemelex Xobeh.
  3201 | D:3      | Reached XP level 7. HP: 47/55 MP: 8/11
  3857 | D:4      | Noticed Dowan
  3868 | D:4      | Killed Dowan
  3872 | D:4      | Noticed Duvessa
  3925 | D:4      | Killed Duvessa
  4213 | D:4      | Reached skill level 5 in Conjurations
  4418 | D:5      | Entered Level 5 of the Dungeon
  4418 | D:5      | Noticed JeffiDaFish's ghost (novice GrFi)
  4441 | D:4      | Reached skill level 6 in Fire Magic
  4558 | D:5      | Reached XP level 8. HP: 63/63 MP: 9/12
  4605 | D:5      | Got an iridescent dagger
  4669 | D:5      | HP: 3/63 [JeffiDaFish's ghost (4)]
  4670 | D:5      | Mangled by JeffiDaFish's ghost

Skill      XL: |  1  2  3  4  5  6  7 |
---------------+----------------------+-----
Fighting       | 1 2 3 |  3.0
Spellcasting   | 2 |  2.8
Conjurations   | 2 3 4 5 |  5.5
Fire Magic     | 4 5 6 |  6.4
Polearms       | 1 2 |  2.9
Dodging        | |  1.5
Stealth        | |  1.5

Action                   |  1- 3 |  4- 6 |  7- 9 || total
-------------------------+-------+-------+-------++-------
Melee: Unarmed           |    17 |       |       ||    17
       Spear             |    18 |    98 |   109 ||   225
 Cast: Flame Tongue      |    25 |    19 |    18 ||    62
       Conjure Flame     |       |     5 |     8 ||    13
  Use: Scroll            |     5 |     5 |       ||    10
       Potion            |       |     1 |       ||     1
 Stab: Sleeping          |       |     3 |       ||     3
  Eat: Chunk             |     2 |     7 |     5 ||    14
Armor: Robe              |    12 |     2 |       ||    14
       Leather armour    |       |    10 |    16 ||    26
Dodge: Dodged            |    38 |    47 |    45 ||   130
